 Dungeon Crawl Stone Soup version 0.25.1-2-g60ff931df9 (webtiles) character file.

Game seed: 200914272779419611

1988 ArchParadox the Destroyer (level 9, 0/54 HPs)
             Began as a Deep Elf Conjurer on Oct 17, 2020.
             Was a Follower of Vehumet.
             Slain by an orc warrior
             ... wielding a +0 war axe
              (12 damage)
             ... on level 6 of the Dungeon.
             The game lasted 00:24:56 (8661 turns).

ArchParadox the Destroyer (Deep Elf Conjurer)       Turns: 8661, Time: 00:24:57

Health: 0/54       AC:  3    Str: 13    XL:     9   Next: 1%
Magic:  2/24       EV: 13    Int: 22    God:    Vehumet [*.....]
Gold:   278        SH:  0    Dex: 15    Spells: 7/14 levels left

rFire    . . .     SeeInvis .   d - +2 halberd (vorpal)
rCold    . . .     Gourm    .   (shield currently unavailable)
rNeg     . . .     Faith    .   a - +1 robe
rPois    .         Spirit   .   (no helmet)
rElec    .         Reflect  .   (no cloak)
rCorr    .         Harm     .   (no gloves)
MR       .....                  (no boots)
Stlth    ++........             (no amulet)
HPRegen  0.18/turn              f - +6 ring of strength
MPRegen  0.19/turn              x - ring of magical power

@: mighty
A: no striking features
a: Renounce Religion


You were on level 6 of the Dungeon.
You worshipped Vehumet.
Vehumet was aware of your devotion.
You were hungry.

You visited 2 branches of the dungeon, and saw 8 of its levels.
You also visited: Ossuary.

You collected 278 gold pieces.

Inventory:

Hand Weapons
 b - a +0 dagger
 d - a +2 vorpal halberd (weapon)
 v - a +0 vorpal long sword
 D - a +1 dagger of freezing
 G - a +0 long sword
 V - a +0 whip of electrocution
Missiles
 g - 240 stones (quivered)
 h - 95 arrows
 p - 55 bolts
 q - 8 datura-tipped darts
 T - 4 poisoned darts
Armour
 a - a +1 robe (worn)
 t - a +0 tower shield
 W - a +3 leather armour
Jewellery
 f - a +6 ring of strength (left hand)
 l - a cursed amulet of inaccuracy
 m - an uncursed amulet of guardian spirit
 x - a ring of magical power (right hand)
 F - an uncursed ring of protection from cold
Wands
 y - a wand of disintegration (16)
 C - a wand of paralysis (13)
 I - a wand of random effects (24)
 U - a wand of polymorph (5)
Scrolls
 e - 10 scrolls of remove curse
 k - a scroll of teleportation
 n - a scroll of enchant weapon
 r - 2 scrolls of enchant armour
 u - 2 scrolls of immolation {unknown}
 w - 2 scrolls of fog {unknown}
 B - a scroll of fear {unknown}
 E - 2 scrolls of magic mapping {unknown}
 H - a scroll of amnesia {unknown}
 L - 3 scrolls of random uselessness
 N - a scroll of noise {unknown}
Potions
 i - 3 potions of lignification {unknown}
 j - a potion of brilliance {unknown}
 o - 2 potions of might
 s - a potion of haste {unknown}
 A - a potion of stabbing {unknown}
 J - a potion of invisibility {unknown}
 K - a potion of ambrosia {unknown}
 M - 6 potions of curing {unknown}
 O - 4 potions of flight {unknown}
 P - 6 potions of degeneration {unknown}
 Q - a potion of mutation {unknown}
 R - a potion of cancellation {unknown}
 S - a potion of resistance {unknown}
Comestibles
 c - 4 rations


   Skills:
 + Level 5.5 Fighting
 - Level 2.4 Dodging
 - Level 2.4 Stealth
 + Level 3.1 Spellcasting
 + Level 10.4 Conjurations
 + Level 5.1 Hexes


You had 7 spell levels left.
You knew the following spells:

 Your Spells              Type           Power        Failure   Level  Hunger
a - Magic Dart            Conj           ####         1%          1    None
b - Searing Ray           Conj           #####.       1%          2    ##.....
c - Fulminant Prism       Conj/Hex       #####.....   4%          4    ####...

Your spell library contained the following spells:

 Spells                   Type           Power        Failure   Level  Hunger
 Freeze                   Ice            #...         12%         1    None
 Dazzling Flash           Conj/Hex       #####.       1%          3    ###....
 Iskenderun's Mystic Bla  Conj/Tloc      ####....     14%         4    ####...


Dungeon Overview and Level Annotations

Branches:
Dungeon (7/15)             Temple (1/1) D:5         Ossuary (visited)

Altars:
Cheibriados
Elyvilon
Gozag
Hepliaklqana
Kikubaaqudgha
Nemelex Xobeh
Okawaru
Qazlal
Trog
Uskayaw
Vehumet
Wu Jian
Xom
Yredelemnul
Zin
The Shining One

Annotations:
D:2 exclusion: moth of wrath
D:5 2 transporters


Message History

The orc warrior closely misses you.
Casting: Searing Ray (safe; 1% risk of failure)
Confirm with . or Enter, or press ? or * to list all spells.
Aiming: Searing Ray (safe; 1% risk of failure)
Press: ? - help, Shift-Dir - straight line, f/p - orc warrior
Aim: an orc warrior, wielding a +0 war axe and wearing a +0 plate armour (heavily wounded)
The searing ray misses the orc warrior. (Press . to maintain the ray.)
Casting: Searing Ray (safe; 1% risk of failure)
Confirm with . or Enter, or press ? or * to list all spells.
Aiming: Magic Dart (safe; 1% risk of failure)
Press: ? - help, Shift-Dir - straight line, f/p - orc warrior
Aim: an orc warrior, wielding a +0 war axe and wearing a +0 plate armour (heavily wounded)
The magic dart hits the orc warrior.
The orc warrior is heavily wounded.
The orc warrior hits you with a +0 war axe.
* * * LOW HITPOINT WARNING * * *
You feel very mighty all of a sudden.
The orc warrior hits you with a +0 war axe!
You die...

..# ##..........## .##
#............###########
##
#.......................
##.................#####
#..........########
#...>......#
##........## ##...o...#
#...@#.## ##..#..#
####..# ##...##
##.....## ##.......# ##
##..##....## .#####
##..####....##
.....######..## ##....#


You could see an orc warrior.

Vanquished Creatures
  A water moccasin (D:6)
  2 phantoms (D:5)
  3 sky beasts
  A black bear (D:5)
  A big kobold (D:7)
  3 bullfrogs
  2 scorpions (D:6)
  5 wights
  A howler monkey (D:5)
  2 centaur zombies (Ossuary)
  A bullfrog zombie (D:5)
  A human zombie (Ossuary)
  A jelly (D:6)
  3 orc priests
  A hound (D:4)
  A bullfrog skeleton (D:4)
  2 orc wizards
  Ijyb (D:4)
  2 worker ants (D:4)
  A big kobold zombie (Ossuary)
  4 mummies (Ossuary)
  7 gnolls (D:4)
  4 adders
  2 oozes
  An adder skeleton (D:5)
  4 worms
  2 dart slugs (D:4)
  4 leopard geckos
  17 orcs
  5 bats
  A giant cockroach (D:1)
  A gnoll zombie (Ossuary)
  4 goblins
  5 hobgoblins
  8 jackals
  8 kobolds
  4 quokkas
  A ball python (D:6)
  4 frilled lizards
  2 goblin zombies (Ossuary)
  A jackal skeleton (D:4)
  A kobold zombie (Ossuary)
  A quokka skeleton (D:6)
  5 rats
131 creatures vanquished.

Vanquished Creatures (others)
  9 fulminant prisms
9 creatures vanquished.

Grand Total: 140 creatures vanquished

Notes
Turn   | Place    | Note
-------+----------+-------------------------------------------
     0 | D:1      | ArchParadox the Deep Elf Conjurer began the quest for the
                  | Orb.
     0 | D:1      | Reached XP level 1. HP: 10/10 MP: 6/6
   191 | D:1      | Reached XP level 2. HP: 16/16 MP: 4/8
   346 | D:1      | Reached skill level 5 in Conjurations
   774 | D:2      | Reached skill level 1 in Fighting
   774 | D:2      | Reached XP level 3. HP: 20/20 MP: 5/9
  1002 | D:2      | Learned a level 2 spell: Searing Ray
  1179 | D:2      | Noticed a moth of wrath
  1182 | D:2      | Found a bloodstained altar of Trog.
  1235 | D:2      | Noticed a +0 dagger
  1235 | D:2      | Noticed a +0 hand axe
  1239 | D:2      | Found a hide-covered altar of Uskayaw.
  1821 | D:3      | Noticed a bullfrog
  1827 | D:3      | Killed a bullfrog
  1827 | D:3      | Reached skill level 6 in Conjurations
  1827 | D:3      | Reached XP level 4. HP: 12/26 MP: 6/10
  2275 | D:3      | Reached XP level 5. HP: 28/30 MP: 5/11
  2440 | D:3      | Found an iron altar of Okawaru.
  2806 | D:5      | Entered Level 5 of the Dungeon
  2837 | D:4      | Noticed Ijyb
  2842 | D:4      | Paralysed by Ijyb for 3 turns
  2846 | D:4      | Killed Ijyb
  3422 | D:4      | Reached skill level 7 in Conjurations
  3422 | D:4      | Reached XP level 6. HP: 29/36 MP: 5/12
  3423 | D:4      | Found a white marble altar of Elyvilon.
  4255 | D:4      | Found a sparkling altar of Nemelex Xobeh.
  4394 | D:5      | Found a transporter.
  4394 | D:5      | Noticed a sky beast
  4430 | D:5      | Found a transporter.
  4442 | D:5      | Reached skill level 8 in Conjurations
  4442 | D:5      | Reached XP level 7. HP: 41/41 MP: 8/13
  4556 | D:5      | Found a snail-covered altar of Cheibriados.
  4663 | D:5      | Found a staircase to the Ecumenical Temple.
  4676 | Temple   | Entered the Ecumenical Temple
  4793 | Temple   | Became a worshipper of Vehumet
  5145 | D:5      | Reached skill level 9 in Conjurations
  5520 | D:6      | Found a sand-covered staircase.
  5543 | D:5      | Reached XP level 8. HP: 13/48 MP: 0/14
  5767 | D:5      | Learned a level 4 spell: Fulminant Prism
  5770 | D:6      | Reached skill level 1 in Hexes
  5968 | Ossuary  | Entered an ossuary
  6805 | D:6      | Found a shimmering altar of Xom.
  7315 | D:5      | Reached skill level 5 in Hexes
  7597 | D:6      | Reached skill level 5 in Fighting
  7597 | D:6      | Reached skill level 10 in Conjurations
  7816 | D:6      | Reached * piety under Vehumet
  7816 | D:6      | Offered knowledge of Freeze by Vehumet.
  8567 | D:7      | Reached XP level 9. HP: 54/54 MP: 15/15
  8661 | D:6      | Slain by an orc warrior

Illustrated notes

Levels and vault maps discovered:
D:1:      saegor_arrival_miasma, layout_rooms
D:2:      layout_loops_ring, dancing_weapons_uskayaw, hangedman_decor_growths,
          tgw_trog
D:3:      layout_basic, kennysheep_okawaru_gauntlet
D:4:      layout_loops_ring, nemelex_xobeh_ov_fountains_minmay,
          lemuel_round_altar, minmay_vboxes, uniq_ijyb
D:5:      gammafunk_steamed_eel, layout_basic, lemuel_doored_altar,
          minmay_temple_entry_hall, first_ration
D:6:      layout_cave_pods, kennysheep_mini, nicolae_ossuary_entry_ruins
D:7:      layout_loops_ring, nicolae_overflow_hidden_temple
Temple:   cyrus_temple_forest

Skill      XL: |  1  2  3  4  5  6  7  8 |
---------------+-------------------------+-----
Conjurations   | 5 6 7 8 9 10 | 10.4
Fighting       | 1 2 3 4 5 |  5.5
Hexes          | 5 |  5.1
Dodging        | |  2.4
Stealth        | |  2.4
Spellcasting   | |  3.1

Action                   |  1- 3 |  4- 6 |  7- 9 || total
-------------------------+-------+-------+-------++-------
Melee: Dagger            |     6 |       |       ||     6
       Halberd           |     8 |     4 |    15 ||    27
 Cast: Magic Dart        |    70 |    85 |   172 ||   327
       Searing Ray       |     3 |    13 |    22 ||    38
       Fulminant Prism   |       |       |     9 ||     9
  Use: Scroll            |       |       |    10 ||    10
       Potion            |       |       |     4 ||     4
  Eat: Chunk             |     3 |     4 |     2 ||     9
       Ration            |       |     1 |     4 ||     5
Armor: Robe              |     3 |     2 |     9 ||    14
Dodge: Dodged            |    14 |    16 |    73 ||   103
